 Dungeon Crawl Stone Soup version 0.29-a0-284-gf9362112df (webtiles) character file.

Game seed: 8335926978420922608

73 spaghetti the Covert (level 4, -1/31 HPs)
             Began as an Octopode Delver on Mar 19, 2022.
             Slain by a water moccasin (9 damage)
             ... on level 5 of the Dungeon.
             The game lasted 00:00:24 (350 turns).

spaghetti the Covert (Octopode Delver)               Turns: 350, Time: 00:00:25

Health: -1/31      AC:  1    Str: 11    XL:     4   Next: 27%
Magic:  4/4        EV: 13    Int: 12    God:
Gold:   0          SH:  0    Dex: 15    Spells: 3/3 levels left

rFire   . . .      SeeInvis .   a - +0 short sword {short}
rCold   . . .      Faith    .   (no shield)
rNeg    . . .      Spirit   .   (helmet restricted)
rPois   .          Reflect  .   (no amulet)
rElec   .          Harm     .   (no ring)
rCorr   .          Rampage  .   (no ring)
Will    .....                   (no ring)
Stlth   +++++.....              (no ring)
HPRegen 0.10/turn               (no ring)
MPRegen 0.09/turn               (no ring)
                                (no ring)
                                (no ring)

@: no status effects
A: almost no armour, amphibious, 8 rings, camouflage 1, gelatinous body 1,
(nimble swimmer 1), tentacles
a: no special abilities


You were on level 5 of the Dungeon.
You visited 1 branch of the dungeon, and saw 3 of its levels.


Innate Abilities, Weirdness & Mutations

You cannot wear most types of armour.
You are amphibious.
You can wear up to eight rings at the same time.
Your skin changes colour to match your surroundings (Stealth+).
Your rubbery body absorbs attacks. (AC +1, EV +1)
((You are camouflaged when in or above water. (Stealth+)))
You have tentacles for arms and can constrict up to eight enemies at once.


   Skills:
 - Level 3.0 Fighting
 - Level 2.0 Short Blades
 - Level 2.0 Dodging
 + Level 8.8 Stealth


You had 3 spell levels left.
You didn't know any spells.
Your spell library was empty.

Inventory:

Hand Weapons
 a - a +0 short sword (weapon) {short}
Wands
 f - a wand of digging (3)
Scrolls
 b - a scroll of fog
 c - a scroll of magic mapping {!r}
 d - a scroll of fear
Potions
 e - a potion of haste {@q3}
 g - a potion of heal wounds {unknown}
 h - a potion of cancellation {unknown}

Dungeon Overview and Level Annotations

Branches:
Dungeon (6/15)
 Temple: D:4-7

Altars:

...........#####.
..................
..............##..
..............##..
..............##.#
..............##.#
....##...........#
.####......<..#..## .#
#.........#.@S### .
#.........#.....## .
....................>.
#.#...................
...##...#.##...........
.. #.....##....)......
....##..#...........
..#. .. #........... ..
.# ..........?


You could see a water moccasin.


Message History

You climb upwards.
There is a stone staircase leading down here.
Unknown command.
You climb downwards.
There is a stone staircase leading up here.
There is a stone staircase leading up here.
You climb upwards.
The dart slug launches a dart at you. The slug dart hits you.
There is a stone staircase leading down here. 😮 HP[-4]
You take 4 damage, and now have 12/16 hp.
MASSIVE DAMAGE!! (PAUSE)
You climb downwards.
There is a stone staircase leading up here.
You start resting. 😎 HP[+4]
Your hp is fully restored (16).
A phantom comes into view.
You can't go down here!
The phantom closely misses you. The phantom barely misses you.
The phantom attacks as you move away! The phantom closely misses you.
There is a stone staircase leading down here.
The phantom misses you.
You climb downwards.
There is a stone staircase leading up here.
Unknown command.
Unknown command.
You barely miss the phantom. You squeeze the phantom.
The phantom completely misses you.
You hit the phantom but do no damage. The phantom closely misses you.
You barely miss the phantom. You squeeze the phantom!
The phantom hits you. 😕 HP[-2]
You take 2 damage, and now have 14/16 hp.
The phantom closely misses you.
You climb upwards.
There is a stone staircase leading down here.
Unknown command.
You closely miss the phantom.
The phantom hits you but does no damage.
You hit the phantom but do no damage. You squeeze the phantom!
The phantom hits you!
* * * LOW HITPOINT WARNING * * *
😨 HP[-7]
You take 7 damage, and now have 7/16 hp.
MASSIVE DAMAGE!! (PAUSE)
You barely miss the phantom. The phantom barely misses you.
You closely miss the phantom. The phantom barely misses you.
You hit the phantom but do no damage. The phantom barely misses you. 😨 HP[+1]
You hit the phantom. The phantom hits you.
* * * LOW HITPOINT WARNING * * *
😨 HP[-2]
You take 2 damage, and now have 6/16 hp.
You hit the phantom but do no damage. Your squeeze misses the phantom.
The phantom barely misses you.
You hit the phantom. The phantom hits you.
* * * LOW HITPOINT WARNING * * *
😨 HP[-1]
You take 1 damage, and now have 5/16 hp.
You hit the phantom.
The phantom hits you but does no damage.
You hit the phantom.
You destroy the phantom!
Your Stealth skill gained 2 levels and is now at level 8!
You have reached level 2!
You have reached level 3!
Your experience leads to an increase in your attributes!
Increase (S)trength, (I)ntelligence, or (D)exterity?
You feel agile. x2
You have reached level 4! 😨 HP[+5] MP[+3]
You now have 31 max hp (+15).
You regained 5 hp, and now have 10/31 hp.
Your mp is fully restored (4).
You start resting. 😎 HP[+21]
Your hp is fully restored (31).
There is a stone staircase leading up here.
h - a grey potion A water moccasin comes into view.
A water moccasin is nearby!
Found a scroll of fear.
Found a stone staircase leading down.
The helpless water moccasin fails to defend itself.
You impale the water moccasin!! Your grab misses the water moccasin.
The water moccasin bites you! x2
* * * LOW HITPOINT WARNING * * *
😨 HP[-19]
You take 19 damage, and now have 12/31 hp.
MASSIVE DAMAGE!! (PAUSE)
You hit the water moccasin but do no damage.
Your grab misses the water moccasin. Your squeeze misses the water moccasin.
The water moccasin bites you.
* * * LOW HITPOINT WARNING * * *
😨 HP[-4]
You take 4 damage, and now have 8/31 hp.
You closely miss the water moccasin. Your grab misses the water moccasin.
The water moccasin bites you!
You die...

Skill      XL: |  1 |
---------------+----+-----
Stealth        | 8 |  8.8
Fighting       | |  3.0
Short Blades   | |  2.0
Dodging        | |  2.0

Action                   |  1- 3 |  4- 6 || total
-------------------------+-------+-------++-------
Melee: Short sword       |    13 |     3 ||    16
       Tentacles         |     3 |       ||     3
 Stab: Sleeping          |       |     1 ||     1
Armor: Skin              |     2 |       ||     2
Dodge: Dodged            |    11 |       ||    11

Levels and vault maps discovered:
D:4:      layout_basic, minmay_temple_entry_fiery, serial_shops,
          nicolae_shop_temple_entry_statues_fountains, minmay_misc_feat_square,
          uniq_pikel
D:5:      layout_rooms, gammafunk_temple_overflow_elements
D:6:      layout_basic, ashenzari_conservatory_becter

Notes
Turn   | Place    | Note
-------+----------+-------------------------------------------
     0 | D:5      | spaghetti the Octopode Delver began the quest for the Orb.
     0 | D:5      | Reached XP level 1. HP: 16/16 MP: 1/1
     0 | D:5      | magus.rc [v1.9.6]
   101 | D:5      | Noticed a phantom
   108 | D:6      | Noticed a black bear
   123 | D:5      | Killed a phantom
   124 | D:5      | Reached skill level 8 in Stealth
   124 | D:5      | Reached XP level 2. HP: 6/21 MP: 2/2
   124 | D:5      | Reached XP level 3. HP: 8/26 MP: 3/3
   124 | D:5      | Reached XP level 4. HP: 10/31 MP: 4/4
   343 | D:5      | Noticed a water moccasin
   350 | D:5      | Slain by a water moccasin

Vanquished Creatures
  A phantom (D:5)
1 creature vanquished.

Table legend:
 A = Non-vault XP
 B = Vault XP
 C = Vault XP percentage of total XP
 D = Non-vault monster count
 E = Vault monster count
 F = Vault count percentage of total count
                 A         B        C        D         E       F
            +---------+---------+-------+---------+---------+-------
      Total |     105 |       0 |   0.0 |       1 |       0 |   0.0
            +---------+---------+-------+---------+---------+-------
        D:5 |     105 |       0 |   0.0 |       1 |       0 |   0.0
            +---------+---------+-------+---------+---------+-------

Illustrated notes

Table legend:
 A = Kills in this place as a percentage of kills in entire the game.
 B = Kills by you in this place as a percentage of kills by you in the entire game.
 C = Kills by friends in this place as a percentage of kills by friends in the entire game.
 D = Other kills in this place as a percentage of other kills in the entire game.
 E = Experience gained in this place as a percentage of experience gained in the entire game.
 F = Experience gained in this place divided by the number of levels of this place that you have seen.
                   A       B       C       D       E      F
               +-------+-------+-------+-------+-------+----------------------
         Total | 100.0 | 100.0 |   N/A |   N/A | 100.0 |  35.0
       Dungeon | 100.0 | 100.0 |   N/A |   N/A | 100.0 |  35.0
               +-------+-------+-------+-------+-------+----------------------

Table legend: (Time is in decaauts)
 A = Elapsed time spent in this place.
 B = Non-inter-level travel time spent in this place.
 C = Inter-level travel time spent in this place.
 D = Time resting spent in this place.
 E = Time spent auto-exploring this place.
 F = Levels seen in this place.
 G = Mean time per level.
                   A        B        C        D        E       F      G
               +--------+--------+--------+--------+--------+-----+--------+
         Total |    351 |    329 |     22 |    271 |     17 |   3 |  117.0 |
       Dungeon |    351 |    329 |     22 |    271 |     17 |   3 |  117.0 |
               +--------+--------+--------+--------+--------+-----+--------+

Top non-repeatable levels by time:
     D:5: 342 daAuts
     D:6: 4 daAuts
     D:4: 4 daAuts
